 Dungeon Crawl Stone Soup version 0.18-a0-640-g2c992fa (console) character file.

381 bli the Ducker (level 6, -7/47 HPs)
             Began as a Merfolk Wanderer on Dec 5, 2015.
             Shot with a poisoned arrow by a centaur (17 damage)
             ... on level 5 of the Dungeon.
             The game lasted 00:19:54 (4626 turns).

bli the Ducker (Merfolk Wanderer)                   Turns: 4626, Time: 00:19:54

Health: -7/47      AC:  3    Str: 10    XL:     6   Next: 75%
Magic:  7/10       EV: 14    Int: 11    God:
Gold:   272        SH:  0    Dex: 18    Spells: 2 memorised, 6 levels left

rFire  . . .     SeeInvis .     a - +2 spear (freeze)
rCold  . . .     Clarity  .     e - +0 robe
rNeg   . . .     SustAt   .     (no shield)
rPois  .         Gourm    .     i - +0 helmet
rElec  .         Spirit   .     (no cloak)
rCorr  .         Dismiss  .     (no gloves)
rMut   .         Rnd*Tele +     (no boots)
MR     .....                    (no amulet)
Stlth  ++........               (no ring)
                                w - ring of teleportation

@: lethally poisoned (-7 -> -24), very slightly contaminated, not resistant to
hostile enchantments, unstealthy
A: change form in water, swift swim
a: Evoke Teleportation


You were on level 5 of the Dungeon.
You were near starving.

You visited 1 branch of the dungeon, and saw 5 of its levels.

You collected 272 gold pieces.

Inventory:

Hand Weapons
 a - a +2 spear of freezing (weapon)
 b - a +1 long sword of electrocution
 k - a +0 spear
 p - a cursed +0 hand axe
 s - a +0 trident
 u - a +0 spear
 z - a +2 dagger
Missiles
 g - 180 stones (quivered)
 r - 9 javelins
Armour
 e - a +0 robe (worn)
 i - a +0 helmet (worn)
Jewellery
 n - a +6 ring of protection {unknown}
 w - a ring of teleportation (left hand)
Scrolls
 h - a scroll of fear {unknown}
 j - 2 scrolls of teleportation {unknown}
 l - a scroll of noise {unknown}
 m - 2 scrolls of identify
 o - 2 scrolls of remove curse
 q - a scroll of immolation {unknown}
 t - a scroll of enchant armour {unknown}
 v - a scroll of blinking {unknown}
Potions
 d - a potion of might {unknown}
 B - a potion of flight
Books
 c - Sif Muna's Almanac of the Entourage

   Spells                             Type                      Level
   a - Summon Small Mammal            Summoning                    1
   b - Call Canine Familiar           Summoning                    3
 y - a book of the Dragon

   Spells                             Type                      Level
   a - Flame Tongue                   Conjuration/Fire             1
   b - Cause Fear                     Hexes                        4
   c - Bolt of Fire                   Conjuration/Fire             6
   d - Dragon Form                    Transmutation                7
   e - Dragon's Call                  Summoning                    9
Comestibles
 f - 9 bread rations
 x - a slice of pizza
 A - a meat ration


   Skills:
 * Level 3.3 Fighting
 - Level 1.1 Long Blades
 * Level 3.3 Polearms
 - Level 2.0 Throwing
 + Level 3.6 Dodging
 + Level 2.3 Stealth
 + Level 2.9 Spellcasting
   Level 3.2 Charms
 + Level 2.5 Summonings


You had 6 spell levels left.
You knew the following spells:

 Your Spells              Type           Power        Failure   Level  Hunger
a - Summon Small Mammal   Summ           #...         12%         1    #......
b - Call Canine Familiar  Summ           #.......     30%         3    ###....


Dungeon Overview and Level Annotations

Branches:
Dungeon (5/15)
 Temple: D:4-7

Altars:
Okawaru
Qazlal
Yredelemnul
The Shining One

Shops:
D:5 ?[(

Annotations:
D:5 Pikel


Message History

You barely miss the worker ant.
The worker ant is severely wounded.
The worker ant completely misses you.
You hit the worker ant. You freeze the worker ant.
The worker ant is almost dead.
The worm bites you! The worker ant bites you.
You are more poisoned.
The worker ant poisons you!
Casting: Call Canine Familiar
Confirm with . or Enter, or press ? or * to list all spells.
You feel sick. The worker ant barely misses you. The worm closely misses you.
The water moccasin hisses angrily.
You hit the worker ant. You freeze the worker ant.
You kill the worker ant!
You feel sick.
Your bat hits the worm.
The centaur shoots a poisoned arrow.
The poisoned arrow hits you!
* * * LOW HITPOINT WARNING * * *
You are lethally poisoned!
The centaur shoots a poisoned arrow.
The poisoned arrow hits you!
You die...

#....##....
#.........
##.......###.
###.....∩......
#..............
#....#.c# #......#
#.....## #..(.%#
########..##
#b.w@†cp((.#
.....#####s......>.
... #.....#..Z .
#..p..# ...
........ p.
##.......p S
.........p
#......... .# #.#
..... #.# .....a


You could see a slave, a centaur, a worm, a giant cockroach and a friendly bat.

Vanquished Creatures
  The ghost of bli the Skirmisher, an amateur MfWn of Okawaru (D:3)
  Ijyb (D:3)
  2 worker ants
  An orc wizard (D:3)
  A gnoll (D:3)
  2 adders (D:4)
  3 oozes
  2 giant geckos
  3 bats
  5 goblins
  5 hobgoblins
  2 jackals (D:4)
  7 kobolds (D:1)
  A ball python (D:2)
  5 giant cockroaches
  3 giant newts
  7 rats
51 creatures vanquished.

Vanquished Creatures (collateral kills)
  An ogre (D:4)
  A wasp (D:3)
  A worker ant (D:4)
  2 adders
  2 gnolls (D:3)
  3 orcs (D:3)
  A giant cockroach (D:1)
  3 hobgoblins
  A kobold (D:2)
  2 bats (D:1)
  A giant newt (D:2)
  A goblin (D:3)
  A rat (D:2)
20 creatures vanquished.

Grand Total: 71 creatures vanquished

Notes
Turn   | Place    | Note
--------------------------------------------------------------
     0 | D:1      | bli the Merfolk Wanderer began the quest for the Orb.
     0 | D:1      | bli set off with: a +2 dagger, a potion of berserk rage, Sif Muna's Almanac of the Entourage, a potion of lignification, a +0 robe, a bread ration
     0 | D:1      | Reached XP level 1. HP: 13/13 MP: 2/2
     0 | D:1      | Identified Sif Muna's Almanac of the Entourage
     2 | D:1      | Learned a level 1 spell: Summon Small Mammal
    25 | D:1      | Reached skill level 1 in Fighting
    81 | D:1      | Reached XP level 2. HP: 14/21 MP: 3/3
   648 | D:1      | Reached XP level 3. HP: 27/27 MP: 4/4
  1046 | D:2      | Learned a level 3 spell: Call Canine Familiar
  1208 | D:2      | Found a glowing golden altar of the Shining One.
  1488 | D:2      | Reached XP level 4. HP: 30/34 MP: 6/6
  1778 | D:3      | Found a basalt altar of Yredelemnul.
  1817 | D:3      | Noticed Ijyb
  2332 | D:4      | Found an iron altar of Okawaru.
  2480 | D:4      | Reached skill level 1 in Polearms
  2480 | D:4      | Reached XP level 5. HP: 11/40 MP: 1/7
  2486 | D:3      | Found a stormy altar of Qazlal.
  2489 | D:3      | Noticed bli's ghost (amateur MfWn)
  2491 | D:3      | Noticed a wasp
  2765 | D:3      | Killed bli's ghost
  3051 | D:3      | Killed a wasp
  3051 | D:3      | Reached XP level 6. HP: 16/47 MP: 3/9
  3474 | D:3      | Killed Ijyb
  4053 | D:4      | Noticed a hungry ghost
  4470 | D:5      | Entered Level 5 of the Dungeon
  4591 | D:5      | Found Nosavo's Armour Emporium.
  4591 | D:5      | Noticed Pikel
  4599 | D:5      | Found Cupp's Antique Weapon Shop.
  4606 | D:5      | Found Noelets's Magic Scroll Shoppe.
  4612 | D:5      | Noticed a water moccasin
  4626 | D:5      | Shot with a poisoned arrow by a centaur

Vault maps used:
D:1:      dpeg_arrival_rooms_with_view
D:2:      nicolae_tso_carved_into_rock, first_bread, grunt_decor_cap
D:3:      old_standard_altar, lemuel_crystal_altar, minmay_misc_feat_five,
          uniq_iyjb
D:4:      kennysheep_mini, lightli_corner_chamber
D:5:      grunt_gozag_breadcrumbs, lemuel_temple_firewalk, serial_shops,
          nicolae_shop_overgrown_old_shop, shop, shop, shop, shop, st_stairs_11,
          grunt_ministairs_4, minmay_misc_feat_doors,
          kennysheep_generic_room_13, uniq_pikel, uniq_blork_the_orc

Action                   |  1- 3 |  4- 6 || total
-------------------------+-------+-------++-------
Melee: Dagger            |    97 |   113 ||   210
       Long sword        |       |    16 ||    16
       Spear             |       |     8 ||     8
       Flail             |       |     2 ||     2
Throw: Stone             |       |     1 ||     1
 Cast: Summon Small Mamm |    20 |    28 ||    48
       Call Canine Famil |     2 |    15 ||    17
  Use: Potion            |       |     5 ||     5
       Scroll            |       |     2 ||     2
 Stab: Sleeping          |     4 |     1 ||     5
       Distracted        |       |     3 ||     3
  Eat: Chunk             |     3 |     8 ||    11
       Meat ration       |       |     1 ||     1
